 Dungeon Crawl Stone Soup version 0.31-a0-424-g41b3b0883d (webtiles) character file.

Game seed: 13452189331767157613

128 Ethylacetat the Firebug (level 5, 0/31 HPs)
             Began as an Octopode Fire Elementalist on July 30, 2023.
             Slain by a howler monkey (6 damage)
             ... on level 4 of the Dungeon.
             The game lasted 00:15:12 (2374 turns).

Ethylacetat the Firebug (OpFE)                      Turns: 2374, Time: 00:15:13

Health: 0/31       AC:  1    Str: 11    XL:     5   Next: 12%
Magic:  9/9        EV: 13    Int: 18    God:
Gold:   209        SH:  0    Dex: 12    Spells: 9/10 levels left

rFire   + + .        q - staff of fire
rCold   + . .        (no shield)
rNeg    . . .        (helmet restricted)
rPois   +            (no amulet)
rElec   +            b - ring of poison resistance
rCorr   +            (no ring)
SInv    .            (no ring)
Will    +....        (no ring)
Stlth   +++          (no ring)
HPRegen 0.25/turn    (no ring)
MPRegen 0.11/turn    (no ring)
                     (no ring)

%: no passive effects
@: resistant, attractive, enlightened, flying, unable to drink
A: almost no armour, amphibious, 8 rings, camouflage 1, gelatinous body 1,
(nimble swimmer 1), tentacles, tentacle spike 1, strong 1, inability to drink
after injury 1
a: no special abilities


You were on level 4 of the Dungeon.
You visited 1 branch of the dungeon, and saw 4 of its levels.

You collected 209 gold pieces.

Inventory:

Missiles
 s - a throwing net
Magical Staves
 m - the staff of Terra Cotta {rCorr Int+3 Conj}
   (You found it on level 3 of the Dungeon)

   [staff of conjuration]

   Base accuracy: +5 Base damage: 5 Base attack delay: 1.2 This weapon's minimum
   attack delay (0.6) is reached at skill level 12.
   Int:       It affects your intelligence (+3).
   rCorr:     It protects you from acid and corrosion.
   Conj:      It increases the power of your Conjurations spells.
   It falls into the 'Staves' category.
   It is a one-tentacled weapon.
 q - a staff of fire (weapon)
Jewellery
 b - a ring of poison resistance (left tentacle)
Talismans
 l - a talisman of death
Scrolls
 g - a scroll of immolation {unknown}
 h - a scroll of amnesia {unknown}
 j - a scroll of blinking {unknown}
 k - 2 scrolls of poison {unknown}
 n - a scroll of revelation {unknown}
 o - a scroll of enchant weapon {unknown}
 p - a scroll of identify {unknown}
 r - a scroll of teleportation {unknown}
Potions
 a - a potion of magic
 c - a potion of mutation
 d - a potion of attraction


   Skills:
 - Level 2.1 Dodging
 - Level 2.9 Stealth
 + Level 3.1 Spellcasting
 + Level 2.6 Conjurations
 + Level 3.9 Fire Magic
 + Level 0.2 Shapeshifting


You had 9 spell levels left.
You knew the following spells:

 Your Spells              Type           Power      Damage    Failure   Level
a - Foxfire               Conj/Fire      88%        2x1d8     4%          1

Your spell library contained the following spells:

 Spells                   Type           Power      Damage    Failure   Level
 Scorch                   Fire           50%        2d7       4%          2
 Freeze                   Ice            8%         1d3       16%         1
 Sandblast                Erth           4%         2d4       16%         1
 Inner Flame              Hex/Fire       14%        N/A       22%         3
 Volatile Blastmotes      Fire/Tloc      28%        2d12      22%         3
 Passwall                 Tmut/Erth      1%         N/A       24%         2
 Hailstorm                Conj/Ice       7%         3d4       28%         3
 Stone Arrow              Conj/Erth      14%        3d7       28%         3
 Flame Wave               Conj/Fire      22%        2d8       38%         4
 Frozen Ramparts          Ice            4%         1d1       43%         3
 Manifold Assault         Tloc           2%         N/A       85%         4
 Dispersal                Tloc           1%         N/A       100%        6
 Disjunction              Tloc           1%         N/A       100%        8


Dungeon Overview and Level Annotations

Branches:
Dungeon (4/15)
 Temple: D:4-7

Altars:
Dithmenos
Kikubaaqudgha


Innate Abilities, Weirdness & Mutations

You cannot wear most types of armour.
You are amphibious.
You can wear up to eight rings at the same time.
Your skin changes colour to match your surroundings (Stealth+).
Your rubbery body absorbs attacks. (AC +1, EV +1)
((You are camouflaged when in or above water. (Stealth+)))
You have tentacles for arms and can constrict up to eight enemies at once.
One of your tentacles bears a spike.
Your muscles are strong. (Str +4, Int/Dex -1)
You occasionally lose the ability to drink potions when taking damage.


Message History

A goblin comes into view. It is wielding a +1 mace of protection.
The goblin is attracted toward you.
The howler monkey hits you but does no damage.
The goblin is attracted toward you.
The howler monkey attacks as you move away!
The howler monkey barely misses you.
You can drink potions again.
The howler monkey barely misses you. The gnoll is attracted toward you.
It was a potion of resistance.
You feel protected.
The howler monkey hoots and howls with incredible vigour!
You hear a bark!
The gnoll is attracted toward you.
The howler monkey attacks as you move away!
The howler monkey closely misses you.
It was a potion of enlightenment.
You feel very buoyant.
You fly up into the air.
The howler monkey misses you.
The howler monkey hoots and howls with incredible vigour!
The howler monkey attacks as you move away!
The howler monkey barely misses you.
Okay, then.
The howler monkey attacks as you move away!
The howler monkey hits you.
* * * LOW HITPOINT WARNING * * *
The howler monkey hoots and howls with incredible vigour!
You hear a bark!
The gnoll is attracted toward you.
The howler monkey attacks as you move away!
The howler monkey hits you.
* * * LOW HITPOINT WARNING * * *
The gnoll is attracted toward you.
The howler monkey hoots and howls with incredible vigour!
You hear a bark!
You hear an angry hiss.
The howler monkey is attracted toward you.
The goblin is attracted toward you.
The howler monkey attacks as you move away!
The howler monkey hits you.
You feel threatened and lose the ability to drink potions!
You die...

##..#.#.........g#.#...#
#...#.##......##.#....#
#....##.#....#.##.....#
#...g#.#.#..#.#.#.....#
#.....#.##..##.#......#
#......##....##ยงยง.....#
###.............g.......#
#..............hg.......#
###........##...@##.......#
..........#.##..##.#......#
###......#.#.#..#.#.#.....#
#......##.#....#.##.....#
##.....#.##......##.#....#
#.....#.#..........# #...#
#.##|.##............# ...#
#.. #.#................#..#
..# #.................. ..#


You could see a howler monkey (catching breath), a gnoll and a goblin.

Vanquished Creatures
  3 adders
  3 gnolls (D:3)
  3 worms (D:2)
  A dart slug (D:1)
  4 endoplasms
  5 giant cockroaches
  4 goblins
  4 hobgoblins
  2 jackals (D:1)
  12 kobolds
  6 quokkas
  4 ball pythons
  6 bats
  3 rats
60 creatures vanquished.

Vanquished Creatures (others)
  90 foxfires
90 creatures vanquished.

Grand Total: 150 creatures vanquished

Notes
Turn   | Place    | Note
-------+----------+-------------------------------------------
     0 | D:1      | Ethylacetat the Octopode Fire Elementalist began the quest
                  | for the Orb.
     0 | D:1      | Reached XP level 1. HP: 11/11 MP: 3/3
    29 | D:1      | Reached XP level 2. HP: 10/17 MP: 0/5
   417 | D:1      | Reached XP level 3. HP: 21/21 MP: 3/6
   913 | D:2      | Reached XP level 4. HP: 24/27 MP: 8/8
  1214 | D:3      | Found an ancient bone altar of Kikubaaqudgha.
  1359 | D:3      | Identified the staff of Terra Cotta {rCorr Int+3 Conj}
  1808 | D:3      | Reached XP level 5. HP: 28/31 MP: 9/9
  2047 | D:4      | Found a shadowy altar of Dithmenos.
  2329 | D:4      | Gained mutation: You occasionally lose the ability to drink
                  | potions when taking damage. [potion of mutation]
  2329 | D:4      | Gained mutation: Your muscles are strong. (Str +4, Int/Dex
                  | -1) [potion of mutation]
  2329 | D:4      | Gained mutation: One of your tentacles bears a spike.
                  | [potion of mutation]
  2374 | D:4      | Slain by a howler monkey

Illustrated notes

Levels and vault maps discovered:
D:1:      minmay_arrival_up_and_down, layout_rooms,
          chequers_serial_rivers_micro_e
D:2:      layout_basic, minmay_cupped
D:3:      layout_loops_corners, kiku_gazebo_pond_becter
D:4:      layout_basic, nicolae_dithmenos_shadow_blocks,
          gammafunk_temple_overflow_pools, hangedman_decor_slide_cut,
          minmay_misc_feat_secret_circle, corexii_shack, minmay_unequal

Skill      XL: |  1  2  3  4 |
---------------+-------------+-----
Conjurations   | 2 |  2.6
Spellcasting   | 3 |  3.1
Dodging        | |  2.1
Stealth        | |  2.9
Fire Magic     | |  3.9
Shapeshifting  | |  0.2

Action                     |  1- 3 |  4- 6 || total
---------------------------+-------+-------++-------
  Melee: Unarmed           |    67 |    38 ||   105
         Constrict         |    16 |    14 ||    30
         Tentacles         |    14 |    12 ||    26
         Staff             |       |    23 ||    23
         Punch             |       |     2 ||     2
   Cast: Foxfire           |    35 |    17 ||    52
    Use: Potion            |       |     5 ||     5
   Stab: Sleeping          |     6 |     3 ||     9
         Distracted        |       |     2 ||     2
 Armour: Skin              |     5 |     6 ||    11
  Dodge: Dodged            |    45 |    64 ||   109

Table legend: (Time is in decaauts)
 A = Elapsed time spent in this place.
 B = Non-inter-level travel time spent in this place.
 C = Inter-level travel time spent in this place.
 D = Time resting spent in this place.
 E = Time spent auto-exploring this place.
 F = Levels seen in this place.
 G = Mean time per level.
                   A        B        C        D        E       F      G
               +--------+--------+--------+--------+--------+-----+--------+
         Total |   2375 |   2339 |     36 |      0 |   1658 |   4 |  593.8 |
       Dungeon |   2375 |   2339 |     36 |      0 |   1658 |   4 |  593.8 |
               +--------+--------+--------+--------+--------+-----+--------+

Top non-repeatable levels by time:
     D:3: 781 daAuts
     D:2: 586 daAuts
     D:1: 569 daAuts
     D:4: 437 daAuts
